MLB
CINCINNATI REDS @ PHILADELPHIA PHILLIES
07/06/2025
 
TOP OF THE 1ST
Cincinnati Reds batting - Pitching for Philadelphia Phillies : LHP António Pacheco
Pitching: LHP António Pacheco
Batting: LHB José Parra 0-0: Ball
1-0: Foul Ball, location: 2F
1-1: Foul Ball, location: 2F
1-2: Ball
2-2: Ground out 4-3 (Groundball, 4, EV 80.6 MPH)
Batting: LHB Mike Lambright 0-0: Ball
1-0: Called Strike
1-1: Ball
2-1: Ball
3-1: Base on Balls
Batting: RHB Tito Polo 0-0: Called Strike
0-1: Ball
1-1: Called Strike
1-2: Foul Ball, location: 9LSFF
1-2: Ball
2-2: Ground out 1-3 (Groundball, 15S, EV 70.0 MPH)
Mike Lambright to second
Batting: RHB Diory Paulino 0-0: Ball
1-0: Swinging Strike
1-1: Ball
2-1: SINGLE (Line Drive, 8LS, EV 98.1 MPH)
Mike Lambright to third
Runner from 3rd tries for Home, SAFE, throw by CF to home
Diory Paulino to second
Batting: RHB Amerigo Maria Lamb 0-0: Ground out 4-3 (Groundball, 4, EV 86.3 MPH)
Top of the 1st over - 1 run, 1 hit, 0 errors, 1 left on base; Cincinnati 1 - Philadelphia 0
BOTTOM OF THE 1ST
Philadelphia Phillies batting - Pitching for Cincinnati Reds : LHP Walt Sharpe
Pitching: LHP Walt Sharpe
Batting: SHB Francisco Lindor 0-0: Foul Ball, location: 7LSF
0-1: Fly out, F8 (Flyball, 8RM, EV 94.4 MPH)
Batting: RHB Michael Garnier 0-0: Ball
1-0: Ball
2-0: Swinging Strike
2-1: Ball
3-1: Foul Ball, location: 23FF
3-2: Foul Ball, location: 25FF
3-2: Foul Ball, location: 25FF
3-2: Foul Ball, location: 2F
3-2: Foul Ball, location: 7LSF
3-2: Foul Ball, location: 2F
3-2: Strikes out swinging
Batting: LHB Ernesto Almirón 0-0: Ball
1-0: Ball
2-0: Foul Ball, location: 2RF
2-1: Ball
3-1: Fly out, F8 (Flyball, 8LD, EV 80.6 MPH)
Bottom of the 1st over - 0 runs, 0 hits, 0 errors, 0 left on base; Cincinnati 1 - Philadelphia 0
TOP OF THE 2ND
Cincinnati Reds batting - Pitching for Philadelphia Phillies : LHP António Pacheco
Batting: LHB José Morán 0-0: Ball
1-0: SINGLE (Line Drive, 89M, EV 98.8 MPH)
Batting: SHB Leury Garcia 0-0: Ball
1-0: Called Strike
1-1: Grounds into double play, 6-4-3 (Groundball, 56, EV 97.5 MPH)
Batting: RHB Raúl Bauiero 0-0: Called Strike
0-1: Called Strike
0-2: Ball
1-2: Ball
2-2: Ball
3-2: Foul Ball, location: 9LDF
3-2: Strikes out looking
Top of the 2nd over - 0 runs, 1 hit, 0 errors, 0 left on base; Cincinnati 1 - Philadelphia 0
BOTTOM OF THE 2ND
Philadelphia Phillies batting - Pitching for Cincinnati Reds : LHP Walt Sharpe
Batting: LHB Jonas Lantigua 0-0: Foul Ball, location: 2F
0-1: Ball
1-1: Foul Ball, location: 2F
1-2: Ball
2-2: Ball
3-2: Strikes out swinging
Batting: RHB Wes Bowers 0-0: Foul Ball, location: 2RF
0-1: Ball
1-1: Foul Ball, location: 5SF
1-2: Strikes out swinging, 2-3 out at first.
Batting: LHB Jake Turnbull 0-0: Ball
1-0: Swinging Strike
1-1: Swinging Strike
1-2: Ground out U3 (Groundball, 34, EV 83.8 MPH)
Bottom of the 2nd over - 0 runs, 0 hits, 0 errors, 0 left on base; Cincinnati 1 - Philadelphia 0
TOP OF THE 3RD
Cincinnati Reds batting - Pitching for Philadelphia Phillies : LHP António Pacheco
Batting: LHB José Juárez 0-0: SINGLE (Flyball, 6MD, EV 96.9 MPH)
Batting: LHB José Parra 0-0: Fielders Choice at 2nd, 4-6 (Groundball, 34, EV 78.8 MPH)
Batting: LHB Mike Lambright 0-0: Ball
1-0: Ball
José Parra steals 2nd base (no throw)
2-0: 2-RUN HOME RUN (Flyball, 8RXD, EV 112.5 MPH), Distance : 419 ft
Batting: RHB Tito Polo 0-0: Fly out, F7 (Flyball, 7S, EV 91.3 MPH)
Batting: RHB Diory Paulino 0-0: Ball
1-0: Ball
2-0: Called Strike
2-1: Ball
3-1: Base on Balls
Batting: RHB Amerigo Maria Lamb 0-0: Swinging Strike
0-1: Swinging Strike
0-2: Ball
1-2: Strikes out swinging
Top of the 3rd over - 2 runs, 2 hits, 0 errors, 1 left on base; Cincinnati 3 - Philadelphia 0
BOTTOM OF THE 3RD
Philadelphia Phillies batting - Pitching for Cincinnati Reds : LHP Walt Sharpe
Batting: RHB Reginald Chase 0-0: Fly out, F8 (Flyball, 8RD, EV 95.0 MPH)
Batting: LHB J.P. Crawford 0-0: Called Strike
0-1: Called Strike
0-2: Ball
1-2: Foul Ball, location: 5SF
1-2: Fly out, F7 (Line Drive, 7S, EV 91.9 MPH)
Batting: SHB Jose Patino 0-0: Called Strike
0-1: Swinging Strike
0-2: Ball
1-2: Ball
2-2: Ball
3-2: Foul Ball, location: 3F
3-2: Fly out, F8 (Line Drive, 8RM, EV 86.9 MPH)
Bottom of the 3rd over - 0 runs, 0 hits, 0 errors, 0 left on base; Cincinnati 3 - Philadelphia 0
TOP OF THE 4TH
Cincinnati Reds batting - Pitching for Philadelphia Phillies : LHP António Pacheco
Batting: LHB José Morán 0-0: Ball
1-0: Called Strike
1-1: SINGLE (Groundball, 34D, EV 100.0 MPH)
Batting: SHB Leury Garcia 0-0: Foul Ball, location: 5F
0-1: Ball
1-1: Ball
2-1: Swinging Strike
2-2: Ball
3-2: Base on Balls
José Morán to second
Batting: RHB Raúl Bauiero 0-0: SINGLE (Line Drive, 6M, EV 98.1 MPH)
José Morán to third
Leury Garcia to second
Batting: LHB José Juárez 0-0: Ball
1-0: Swinging Strike
1-1: Fly out, F8 (Flyball, 8LM, EV 85.0 MPH)
Runner from 3rd tags up, SCORES, throw by CF
Batting: LHB José Parra 0-0: Swinging Strike
0-1: Foul Ball, location: 25F
0-2: SINGLE (Line Drive, 78S, EV 92.5 MPH)
Leury Garcia to third
Raúl Bauiero to second
Runner from 3rd tries for Home, SAFE, throw by CF to home
Pitching: LHP Kevin Weber
Batting: LHB Mike Lambright 0-0: Ball
1-0: Ball
2-0: Foul Ball, location: 25F
2-1: Foul Ball, location: 7LMF
2-2: Strikes out swinging
Batting: RHB Tito Polo 0-0: Foul Ball, location: 2F
0-1: Foul Ball, location: 9LMF
0-2: Strikes out looking
Top of the 4th over - 2 runs, 3 hits, 0 errors, 2 left on base; Cincinnati 5 - Philadelphia 0
BOTTOM OF THE 4TH
Philadelphia Phillies batting - Pitching for Cincinnati Reds : LHP Walt Sharpe
Batting: SHB Francisco Lindor 0-0: Foul Ball, location: 2F
0-1: Ball
1-1: Ball
2-1: DOUBLE (Groundball, 5L, EV 97.5 MPH)
Batting: RHB Michael Garnier 0-0: Ball
1-0: Ball
2-0: Ball
3-0: Foul Ball, location: 2F
3-1: Swinging Strike
3-2: Foul Ball, location: 2F
3-2: Base on Balls
Batting: LHB Ernesto Almirón 0-0: Foul Ball, location: 9LDF
0-1: SINGLE (Line Drive, 78M, EV 90.6 MPH)
Francisco Lindor to third
Michael Garnier to second
Runner from 3rd tries for Home, SAFE, throw by LF to home
Batting: LHB Jonas Lantigua 0-0: Called Strike
0-1: Foul Ball, location: 3DF
0-2: Strikes out looking
Batting: RHB Wes Bowers 0-0: Foul Ball, location: 23F
0-1: Ball
1-1: Swinging Strike
1-2: SINGLE (Line Drive, 56D, EV 96.3 MPH)
Michael Garnier to third
Ernesto Almirón to second
Batting: LHB Jake Turnbull 0-0: Called Strike
0-1: Ball
1-1: Fly out, F7 (Flyball, 7D, EV 110.6 MPH)
Runner from 3rd tags up, SCORES, no throw by LF
Batting: RHB Reginald Chase 0-0: 3-RUN HOME RUN (Line Drive, 8RXD, EV 110.0 MPH), Distance : 423 ft
Pitching: RHP Jim Morris
Batting: LHB J.P. Crawford 0-0: Ball
1-0: Foul Ball, location: 7LMF
1-1: Ball
2-1: Foul Ball, location: 25FF
2-2: Ball
3-2: Ground out 3-1 (Groundball, 34, EV 90.6 MPH)
Bottom of the 4th over - 5 runs, 4 hits, 0 errors, 0 left on base; Cincinnati 5 - Philadelphia 5
TOP OF THE 5TH
Cincinnati Reds batting - Pitching for Philadelphia Phillies : LHP Kevin Weber
Batting: RHB Diory Paulino 0-0: Foul Ball, location: 7LSF
0-1: Ball
1-1: Called Strike
1-2: Strikes out swinging, 2-3 out at first.
Batting: RHB Amerigo Maria Lamb 0-0: Swinging Strike
0-1: SINGLE (Groundball, 4M, EV 82.5 MPH) (infield hit)
Batting: LHB José Morán 0-0: Called Strike
0-1: Sac Bunt to 13 - play at first, batter OUT! 1-3
Amerigo Maria Lamb to second
Batting: SHB Leury Garcia 0-0: Ball
1-0: Foul Ball, location: 9LDF
1-1: SINGLE (Groundball, 4MD, EV 100.0 MPH)
Amerigo Maria Lamb to third
Runner from 3rd tries for Home, SAFE, throw by CF to home
Leury Garcia to second
Batting: RHB Raúl Bauiero 0-0: Ball
1-0: Ball
2-0: Foul Ball, location: 3SF
2-1: Foul Ball, location: 2F
2-2: Fly out, F9 (Line Drive, 9, EV 96.9 MPH)
Top of the 5th over - 1 run, 2 hits, 0 errors, 1 left on base; Cincinnati 6 - Philadelphia 5
BOTTOM OF THE 5TH
Philadelphia Phillies batting - Pitching for Cincinnati Reds : RHP Jim Morris
Batting: SHB Jose Patino 0-0: Called Strike
0-1: Ball
1-1: SINGLE (Line Drive, 34D, EV 94.4 MPH)
Batting: SHB Francisco Lindor 0-0: Called Strike
Jose Patino steals 2nd base
0-1: Ball
1-1: Foul Ball, location: 3SF
1-2: Ball
2-2: Strikes out swinging
Batting: RHB Michael Garnier 0-0: Called Strike
0-1: Fly out, F4 (Popup, 3S, EV 79.4 MPH)
Batting: LHB Ernesto Almirón 0-0: Ball
1-0: Called Strike
1-1: Swinging Strike
1-2: Strikes out swinging
Bottom of the 5th over - 0 runs, 1 hit, 0 errors, 1 left on base; Cincinnati 6 - Philadelphia 5
TOP OF THE 6TH
Cincinnati Reds batting - Pitching for Philadelphia Phillies : LHP Kevin Weber
Batting: LHB José Juárez 0-0: Called Strike
0-1: Called Strike
0-2: Ball
1-2: Strikes out swinging, 2-3 out at first.
Batting: LHB José Parra 0-0: Ball
1-0: Foul Ball, location: 3SF
1-1: Foul Ball, location: 23FF
1-2: SINGLE (Groundball, 56S, EV 62.5 MPH) (infield hit)
Batting: LHB Mike Lambright 0-0: Bunted foul
0-1: Ball
1-1: Bunted foul
1-2: Ball
2-2: Ball
3-2: Base on Balls
José Parra to second
Pitching: RHP Yimi Garcia
Batting: RHB Tito Polo 0-0: Ball
1-0: Grounds into double play, 5-4-3 (Groundball, 56, EV 91.9 MPH)
Top of the 6th over - 0 runs, 1 hit, 0 errors, 1 left on base; Cincinnati 6 - Philadelphia 5
BOTTOM OF THE 6TH
Philadelphia Phillies batting - Pitching for Cincinnati Reds : RHP Jim Morris
Batting: LHB Jonas Lantigua 0-0: DOUBLE (Groundball, 3L, EV 105.0 MPH)
Batting: LHB Greg Bird 0-0: Called Strike
0-1: Swinging Strike
0-2: Ball
1-2: Strikes out looking
Batting: LHB Jake Turnbull 0-0: DOUBLE (Line Drive, 78M, EV 94.4 MPH)
Jonas Lantigua scores
Pinch Hitting: RHB Maikel Franco 0-0: Ball
1-0: Called Strike
1-1: Swinging Strike
1-2: Foul Ball, location: 2F
1-2: Strikes out looking
Batting: LHB J.P. Crawford 0-0: Foul Ball, location: 5SF
0-1: Ball
1-1: Called Strike
1-2: Ball
2-2: Ball
3-2: Strikes out swinging
Bottom of the 6th over - 1 run, 2 hits, 0 errors, 1 left on base; Cincinnati 6 - Philadelphia 6
TOP OF THE 7TH
Cincinnati Reds batting - Pitching for Philadelphia Phillies : RHP Yimi Garcia
Now at 3B: Maikel Franco
Now in LF: Ernesto Almirón
Batting: RHB Diory Paulino 0-0: Ball
1-0: Ground out 5-3 (Groundball, 5, EV 101.3 MPH)
Pinch Hitting: LHB Jake Bauers 0-0: Called Strike
0-1: Ball
1-1: Swinging Strike
1-2: Ball
2-2: Foul Ball, location: 7LSF
2-2: Foul Ball, location: 2F
2-2: Fly out, F7 (Flyball, 7, EV 93.1 MPH)
Batting: LHB José Morán 0-0: DOUBLE (Line Drive, 7LD, EV 98.1 MPH)
Batting: SHB Leury Garcia 0-0: Called Strike
0-1: Ball
1-1: Ground out 4-3 (Groundball, 4, EV 101.3 MPH)
Top of the 7th over - 0 runs, 1 hit, 0 errors, 1 left on base; Cincinnati 6 - Philadelphia 6
BOTTOM OF THE 7TH
Philadelphia Phillies batting - Pitching for Cincinnati Reds : RHP Jim Morris
Pitching: RHP Steve Gibbs
Now in LF: Dan Beggar
Now in CF: Mike Lambright
Batting: SHB Jose Patino 0-0: Called Strike
0-1: Ball
1-1: Ball
2-1: Ball
3-1: SINGLE (Line Drive, 6D, EV 98.1 MPH)
Batting: SHB Francisco Lindor 0-0: Ball
1-0: Ball
2-0: Bunted foul
2-1: Bunt - Flyout to 2L! F2
Pinch Hitting: LHB Ivan Hakanson 0-0: Ball
1-0: Ball
2-0: Called Strike
2-1: Foul Ball, location: 7LMF
2-2: DOUBLE (Flyball, 89XD, EV 105.6 MPH)
Jose Patino to third
Pitching: LHP Jorge Fernández
Batting: LHB Ernesto Almirón 0-0: Ball
1-0: Ball
2-0: Ground out 3-1 (Groundball, 3L, EV 94.4 MPH)
Batting: LHB Jonas Lantigua 0-0: Ball
1-0: Ball
2-0: Ball
3-0: Called Strike
3-1: SINGLE (Flyball, 6D, EV 96.3 MPH) - OUT at second base trying to stretch hit.
Jose Patino scores
Ivan Hakanson scores
Bottom of the 7th over - 2 runs, 3 hits, 0 errors, 0 left on base; Cincinnati 6 - Philadelphia 8
TOP OF THE 8TH
Cincinnati Reds batting - Pitching for Philadelphia Phillies : RHP Yimi Garcia
Now in RF: Ivan Hakanson
Batting: RHB Raúl Bauiero 0-0: SINGLE (Line Drive, 4D, EV 100.6 MPH)
Batting: LHB José Juárez 0-0: SINGLE (Groundball, 5D, EV 106.3 MPH)
Raúl Bauiero to second
Raúl Bauiero to third
Batting: LHB José Parra 0-0: Foul Ball, location: 2F
0-1: Ground out 6-3 (Groundball, 6S, EV 75.6 MPH)
Raúl Bauiero scores
José Juárez to second
Batting: LHB Mike Lambright 0-0: Swinging Strike
0-1: Ball
1-1: Ball
2-1: SINGLE (Groundball, 6MD, EV 95.0 MPH)
José Juárez to third
Batting: RHB Tito Polo 0-0: Ball
1-0: Ball
2-0: Foul Ball, location: 3F
2-1: Ball
3-1: Base on Balls
Mike Lambright to second
Pinch Hitting: LHB Jesse Winker 0-0: Foul Ball, location: 2F
0-1: DOUBLE (Groundball, 5L, EV 107.5 MPH)
José Juárez scores
Mike Lambright scores
Tito Polo to third
Pitching: RHP Mike Morin
Batting: RHB Dan Beggar 0-0: Ball
1-0: Called Strike
1-1: Ball
2-1: Ball
3-1: Called Strike
3-2: Foul Ball, location: 2F
3-2: Base on Balls
Batting: LHB José Morán 0-0: Foul Ball, location: 7LDF
0-1: Foul Ball, location: 2F
0-2: Strikes out swinging
Batting: SHB Leury Garcia 0-0: DOUBLE (Line Drive, 78M, EV 95.0 MPH)
Tito Polo scores
Jesse Winker scores
Dan Beggar to third
Runner from 3rd tries for Home, SAFE, no throw by CF
Batting: RHB Raúl Bauiero 0-0: Reached on error, E2 (Groundball, 13S, EV 60.6 MPH)
Leury Garcia to third
Batting: LHB José Juárez 0-0: Ball
1-0: DOUBLE (Flyball, 89XD, EV 98.1 MPH)
Leury Garcia scores
Raúl Bauiero to third
Runner from 3rd tries for Home, SAFE, no throw by RF
Pitching: RHP Sean Patton
Batting: LHB José Parra 0-0: Fly out, F9 (Flyball, 9, EV 79.4 MPH)
Top of the 8th over - 8 runs, 6 hits, 1 error, 1 left on base; Cincinnati 14 - Philadelphia 8
BOTTOM OF THE 8TH
Philadelphia Phillies batting - Pitching for Cincinnati Reds : LHP Jorge Fernández
Now at 1B: Jeff Adams
Batting: LHB Greg Bird 0-0: Called Strike
0-1: Swinging Strike
0-2: Ball
1-2: Ball
2-2: Fly out, F8 (Line Drive, 8RS, EV 105.6 MPH)
Batting: LHB Jake Turnbull 0-0: Ball
1-0: Ground out 3-1 (Groundball, 34, EV 100.0 MPH)
Batting: RHB Maikel Franco 0-0: Foul Ball, location: 23F
0-1: Ball
1-1: Ball
2-1: Foul Ball, location: 2F
2-2: Foul Ball, location: 2F
2-2: Foul Ball, location: 25FF
2-2: Strikes out swinging
Bottom of the 8th over - 0 runs, 0 hits, 0 errors, 0 left on base; Cincinnati 14 - Philadelphia 8
TOP OF THE 9TH
Cincinnati Reds batting - Pitching for Philadelphia Phillies : RHP Sean Patton
Batting: LHB Mike Lambright 0-0: Called Strike
0-1: Ball
1-1: Fly out, F8 (Flyball, 8RXD, EV 111.9 MPH)
Batting: RHB Tito Polo 0-0: Ball
1-0: Foul Ball, location: 2F
1-1: Foul Ball, location: 2F
1-2: SINGLE (Groundball, 5L, EV 93.8 MPH)
Batting: RHB Jeff Adams 0-0: Called Strike
Tito Polo steals 2nd base (no throw)
0-1: Called Strike
0-2: DOUBLE (Flyball, 8LXD, EV 96.9 MPH)
Tito Polo scores
Batting: RHB Dan Beggar 0-0: Ball
1-0: Called Strike
1-1: Fly out, F2 (Popup, 2RF, EV 90.6 MPH)
Batting: LHB José Morán 0-0: Ball
1-0: Ball
2-0: TRIPLE (Line Drive, 78XD, EV 104.4 MPH)
Jeff Adams scores
Batting: SHB Leury Garcia 0-0: Ball
1-0: Foul Ball, location: 3FF
1-1: Foul Ball, location: 2F
1-2: Ball
2-2: SINGLE (Groundball, 34D, EV 105.6 MPH)
José Morán scores
Batting: RHB Raúl Bauiero 0-0: Foul Ball, location: 3SF
0-1: Fly out, F9 (Flyball, 9, EV 91.9 MPH)
Top of the 9th over - 3 runs, 4 hits, 0 errors, 1 left on base; Cincinnati 17 - Philadelphia 8
BOTTOM OF THE 9TH
Philadelphia Phillies batting - Pitching for Cincinnati Reds : LHP Jorge Fernández
Batting: LHB J.P. Crawford 0-0: Ball
1-0: Ground out 1-3 (Groundball, 13S, EV 71.3 MPH)
Batting: SHB Jose Patino 0-0: Called Strike
0-1: Ball
1-1: Ball
2-1: Fly out, F4 (Line Drive, 4, EV 69.4 MPH)
Batting: SHB Francisco Lindor 0-0: Called Strike
0-1: Foul Ball, location: 2F
0-2: Foul Ball, location: 9LDF
0-2: Foul Ball, location: 9LSF
0-2: Ball
1-2: Fly out, F8 (Flyball, 8RXD, EV 106.3 MPH)
Bottom of the 9th over - 0 runs, 0 hits, 0 errors, 0 left on base; Cincinnati 17 - Philadelphia 8
Saturday, July 12th , 2025 - OOTP Baseball 26.5 Build 66